 Dungeon Crawl Stone Soup version 0.19.0-11-g3fc08b3 (webtiles) character file.

11446 emikaela the Slicer (level 11, -8/86 HPs)
             Began as a Vampire Abyssal Knight on Nov 9, 2016.
             Was an Elder of Lugonu.
             Mangled by a komodo dragon (32 damage)
             ... on level 3 of the Lair of Beasts.
             The game lasted 00:53:16 (18285 turns).

emikaela the Slicer (Vampire Abyssal Knight)       Turns: 18285, Time: 00:53:17

Health: -8/86      AC:  0    Str: 11    XL:     11   Next: 49%
Magic:  14/16      EV: 28    Int: 15    God:    Lugonu [****..]
Gold:   811        SH:  0    Dex: 22    Spells: 0 memorised, 10 levels left

rFire  . . .     SeeInvis +     (weapon currently unavailable)
rCold  + . .     Gourm    .     (armour currently unavailable)
rNeg   + + .     Faith    .     (shield currently unavailable)
rPois  +         Spirit   .     (helmet currently unavailable)
rElec  .         Reflect  .     (cloak currently unavailable)
rCorr  .         Harm     .     (gloves currently unavailable)
MR     +....                    (boots currently unavailable)
Stlth  +++++++...               Z - amulet of regeneration
                                (ring currently unavailable)
                                (ring currently unavailable)

@: bat-form, flying, regenerating slowly, very quick
A: fangs 3, see invisible, (unbreathing)
a: End Transformation, Depart the Abyss, Bend Space, Banish, Corrupt, Renounce
Religion


You were on level 3 of the Lair of Beasts.
You worshipped Lugonu.
Lugonu was greatly pleased with you.
You were very thirsty.
You were in vampire-bat-form.
You visited 2 branches of the dungeon, and saw 13 of its levels.
You visited the Abyss 1 time.

You collected 811 gold pieces.

Inventory:

Hand Weapons
 a - a +2 dagger of freezing (melded)
 b - a +0 blowgun
 R - a +4 great sword of freezing
Missiles
 e - 15 javelins
 w - 18 poisoned needles
 G - 3 curare-tipped needles
 I - 4 throwing nets (quivered)
 J - 17 tomahawks
Armour
 m - a +0 cloak (melded)
 t - a +1 robe of cold resistance
 y - a +0 helmet (melded)
 B - a +0 pair of gloves (melded)
 D - a +1 scale mail of fire resistance (melded)
 K - a +0 buckler (melded)
 L - a +0 pair of boots (melded)
Jewellery
 l - a ring of stealth (melded)
 N - a +2 ring of evasion (melded)
 Z - an amulet of regeneration (around neck)
Wands
 s - a wand of acid (4/15)
 z - a wand of acid (10/15)
 H - a wand of paralysis (10/24)
 O - a wand of flame (15/48)
 T - a wand of iceblast (9/15)
 U - a wand of paralysis (17/24)
Scrolls
 f - a scroll of fog
 n - 9 scrolls of remove curse
 o - a scroll of fear
 q - a scroll of teleportation
 r - 4 scrolls of immolation
 u - a scroll of vulnerability
 v - 4 scrolls of recharging
 x - a scroll of amnesia
 C - 2 scrolls of brand weapon
 F - a scroll of enchant weapon {unknown}
 M - a scroll of blinking
 V - a scroll of holy word
 X - a scroll of acquirement {unknown}
Potions
 c - 5 potions of blood
 h - 4 potions of flight
 i - 3 potions of curing
 p - 2 potions of might
 A - a potion of heal wounds
 Y - a potion of haste
Books
 E - a book of Battle


   Skills:
 + Level 8.2 Fighting
 - Level 10.0 Short Blades
 + Level 2.7 Armour
 - Level 7.1 Dodging
 - Level 10.0 Stealth
 - Level 4.0 Shields
 + Level 7.5 Invocations
 + Level 3.2 Evocations


You had 10 spell levels left.
You didn't know any spells.

Dungeon Overview and Level Annotations

Branches:
Dungeon (10/15)            Temple (0/1) D:7            Lair (3/6) D:8
  Snake (0/4) Lair:3
  Swamp: Lair:2-4    Shoals: Lair:2-4       Orc: D:9-12

Altars:
Ashenzari
Fedhas
Gozag
Kikubaaqudgha
Makhleb
Qazlal
Ru
Trog
Uskayaw
Zin
The Shining One

Annotations:
D:4 Menkaure
D:5 exclusion: jelly
D:7 Pikel
D:10 Joseph; zkyp's ghost, novice MiWn
Abyss:1 Fannar; Harold


Innate Abilities, Weirdness & Mutations

You heal slowly.
You have razor-sharp teeth.
You have supernaturally acute eyesight. (SInv)
((You can survive without breathing.))


Message History

You closely miss the komodo dragon.
The komodo dragon is heavily wounded.
You hit the komodo dragon but do no damage.
Your bite misses the komodo dragon.
The komodo dragon is heavily wounded.
You hit the komodo dragon but do no damage.
The komodo dragon is heavily wounded.
You aren't in the Abyss!
You turn into a vampire bat.
Your +2 dagger of freezing melds into your body.
Your +0 cloak melds into your body.
Your +0 helmet melds into your body.
Your +0 pair of gloves melds into your body.
Your +0 pair of boots melds into your body.
Your +0 buckler melds into your body.
Your +1 scale mail of fire resistance melds into your body.
Your ring of stealth melds into your body.
Your +2 ring of evasion melds into your body.
Your +2 dagger of freezing stops glowing.
You feel less resistant to fire. The komodo dragon bites you!!
You die...

.. ..#
... ..
)..# ..
...#.
..#.###
#....
#..#
#l##
#bP#
#.##
#..#
##.##
#..#
##.##
##..##
..
#..#.#
....
##..##
.#


You could see a komodo dragon.

Vanquished Creatures
  A black mamba (Lair:3)
  A spiny frog (Lair:1)
  A komodo dragon (Lair:2)
  A queen bee (Lair:2)
  A polar bear (Lair:3)
  A two-headed ogre (D:9)
  2 hippogriffs
  A wyvern (Lair:3)
  4 hungry ghosts
  2 nagas (Lair:3)
  Edmund (D:4)
  4 water moccasins
  2 orc warriors (D:8)
  A porcupine (Lair:1)
  4 black bears
  2 ice beasts
  3 sky beasts
  7 ogres
  A necrophage (D:7)
  3 centaurs
  5 crocodiles
  2 big kobolds
  Blork the orc (D:5)
  10 bullfrogs
  3 scorpions
  22 killer bees
  14 wights
  2 electric eels (Lair:3)
  A howler monkey (D:6)
  2 crimson imps
  A bullfrog zombie (D:7)
  A centaur skeleton (D:7)
  A centaur zombie (D:4)
  A gnoll shaman (D:8)
  2 hounds
  3 jellies
  3 orc priests
  Crazy Yiuf (D:5)
  10 orc wizards
  2 bullfrog skeletons
  2 iguanas
  Natasha (D:4)
  13 worker ants
  A hound zombie (D:7)
  13 gnolls
  13 adders
  A shadow imp (D:6)
  7 worms
  4 dart slugs
  11 leopard geckos
  28 orcs
  6 giant cockroaches
  5 goblins
  8 hobgoblins
  6 jackals
  4 quokkas
  2 ball pythons (D:3)
  6 bats
  5 frilled lizards
  12 kobolds
  A leopard gecko skeleton (D:4)
  A quokka skeleton (D:4)
  2 quokka zombies (D:7)
  3 rats
285 creatures vanquished.

Vanquished Creatures (others)
  A hydra (Lair:3)
  A naga (Lair:3)
  A porcupine (Lair:2)
  A plant (Lair:3)
4 creatures vanquished.

Grand Total: 289 creatures vanquished

Notes
Turn   | Place    | Note
-------+----------+-------------------------------------------
     0 | Abyss:1  | emikaela the Vampire Abyssal Knight began the quest for the Orb.
     0 | Abyss:1  | Reached XP level 1. HP: 17/17 MP: 2/2
    25 | Abyss:1  | Found a corrupted altar of Lugonu.
    32 | Abyss:1  | Found a corrupted altar of Lugonu.
   205 | Abyss:1  | Noticed a rust devil
   207 | D:1      | Escaped the Abyss
   355 | D:1      | Reached * piety under Lugonu
   513 | D:1      | Reached XP level 2. HP: 23/23 MP: 3/3
   681 | D:1      | Reached skill level 1 in Stealth
  1153 | D:2      | Found an ancient bone altar of Kikubaaqudgha.
  1192 | D:2      | Found a shattered altar of Ashenzari.
  1464 | D:2      | Found a glowing silver altar of Zin.
  1507 | D:2      | Reached XP level 3. HP: 28/28 MP: 4/4
  1596 | D:2      | Found a burning altar of Makhleb.
  1608 | D:2      | Found a blossoming altar of Fedhas.
  1641 | D:2      | Found an opulent altar of Gozag.
  1876 | D:2      | You fall through a shaft for 2 floors!
  1876 | D:4      | Noticed a scorpion
  2171 | D:2      | Found a stormy altar of Qazlal.
  2369 | D:3      | Reached XP level 4. HP: 26/35 MP: 5/5
  3596 | D:3      | Reached ** piety under Lugonu
  3703 | D:4      | Noticed Menkaure
  3767 | D:4      | Reached XP level 5. HP: 41/41 MP: 6/6
  3845 | D:4      | Reached skill level 5 in Short Blades
  4661 | D:4      | Noticed an ogre
  4671 | D:4      | Killed an ogre
  4671 | D:4      | Reached XP level 6. HP: 47/47 MP: 7/7
  4725 | D:4      | Found a burning altar of Makhleb.
  4825 | D:4      | Noticed Edmund
  4861 | D:4      | Killed Edmund
  4861 | D:4      | Reached skill level 5 in Stealth
  5337 | D:4      | Noticed Natasha
  5342 | D:4      | Killed Natasha
  5342 | D:4      | Reached XP level 7. HP: 54/54 MP: 8/8
  6094 | D:5      | Entered Level 5 of the Dungeon
  6094 | D:5      | Noticed Blork the orc
  6096 | D:5      | Killed Blork the orc
  6418 | D:5      | Found a glowing golden altar of the Shining One.
  6568 | D:5      | Reached XP level 8. HP: 61/61 MP: 9/9
  6637 | D:5      | Found a sacrificial altar of Ru.
  6715 | D:5      | Reached skill level 5 in Fighting
  6951 | D:5      | Found a runed door.
  7279 | D:5      | Noticed Crazy Yiuf
  7283 | D:5      | Killed Crazy Yiuf
  7499 | D:6      | Reached *** piety under Lugonu
  8524 | D:6      | Found a bloodstained altar of Trog.
  8732 | D:6      | Reached XP level 9. HP: 64/68 MP: 11/11
  9190 | D:7      | Noticed Pikel
  9898 | D:7      | Found a staircase to the Ecumenical Temple.
 10391 | D:8      | Found a staircase to the Lair.
 11160 | D:8      | Reached skill level 10 in Short Blades
 11261 | D:8      | Reached skill level 5 in Dodging
 11432 | D:7      | Reached **** piety under Lugonu
 11432 | D:7      | Reached skill level 5 in Invocations
 11944 | D:8      | Reached XP level 10. HP: 77/77 MP: 13/13
 12515 | D:8      | Reached skill level 10 in Stealth
 12814 | D:9      | Found a bloodstained altar of Trog.
 13458 | D:9      | Found a hide-covered altar of Uskayaw.
 13842 | D:9      | Reached ***** piety under Lugonu
 13911 | D:10     | Entered Level 10 of the Dungeon
 13948 | D:10     | Noticed a skeletal warrior
 13948 | D:10     | Noticed a skeletal warrior
 13949 | D:10     | Noticed zkyp's ghost (novice MiWn)
 14115 | D:10     | Noticed Joseph
 14242 | Lair:1   | Entered Level 1 of the Lair of Beasts
 14376 | Lair:1   | Noticed a spiny frog
 14415 | Lair:1   | Killed a spiny frog
 14725 | Lair:1   | Noticed Harold
 14726 | Lair:1   | Banished Harold
 14767 | Lair:1   | Noticed Fannar
 14771 | Lair:1   | Banished Fannar
 15400 | Lair:2   | Reached XP level 11. HP: 84/84 MP: 16/16
 15594 | Lair:2   | Noticed a five-headed hydra
 15930 | Lair:2   | Reached skill level 1 in Evocations
 16570 | Lair:2   | Banished a five-headed hydra
 16570 | Lair:2   | Reached skill level 1 in Armour
 17862 | Lair:3   | Noticed a seven-headed hydra
 17866 | Lair:3   | Banished a seven-headed hydra
 18096 | Lair:3   | Found a staircase to the Snake Pit.
 18285 | Lair:3   | Mangled by a komodo dragon

Skill      XL: |  1  2  3  4  5  6  7  8  9 10 11 |
---------------+----------------------------------+-----
Stealth        | 1 2 3 4 5 6 8 9 10 | 10.0
Short Blades   | 3 4 5 6 7 9 10 | 10.0
Fighting       | 3 4 5 6 7 8 |  8.2
Dodging        | 3 5 6 7 |  7.1
Invocations    | 2 5 6 7 |  7.5
Shields        | 4 |  4.0
Evocations     | 3 |  3.2
Armour         | 2 |  2.7

Action                   |  1- 3 |  4- 6 |  7- 9 | 10-12 || total
-------------------------+-------+-------+-------+-------++-------
Melee: Short sword       |    98 |   166 |   377 |   275 ||   916
       Bite              |     9 |    20 |    36 |    85 ||   150
       Dagger            |       |       |       |   454 ||   454
 Fire: Blowgun           |       |       |       |     2 ||     2
Throw: Stone             |     1 |     2 |       |       ||     3
Invok: Depart the Abyss  |     1 |       |       |       ||     1
       Banish            |       |       |       |     7 ||     7
 Abil: Bat Form          |       |       |       |     1 ||     1
  Use: Potion            |       |    10 |    10 |    13 ||    33
       Scroll            |       |       |    14 |     6 ||    20
 Stab: Sleeping          |     3 |    10 |    30 |    15 ||    58
       Invisible         |       |     3 |       |       ||     3
       Distracted        |       |     1 |     2 |     4 ||     7
Armor: Leather armour    |    26 |    26 |     4 |       ||    56
       Robe              |       |       |    41 |    38 ||    79
       Scale mail        |       |       |       |    88 ||    88
Dodge: Dodged            |    51 |    82 |   167 |   457 ||   757
Block: Buckler           |       |       |       |   131 ||   131
